AoeStats
← Maxcol_I

Northern Isles

510424951Analyzed
1v1 RM · 1d ago on Oct 1, 2026· 40m 47s· 2 players
Game mode
Random Map
Map size
Tiny (2 player)
Population
200
Speed
Normal
Resources
Standard
Victory
Conquest
Starting age
Dark Age
Ending age
Imperial Age
RankedLock teamsTeams togetherTeam positionsShared explorationLock speedFull tech treeHidden civsTurbo modeCheats
Victory
Defeat
🇮🇳 Varangians · India
617
+18
🇺🇸 Koreans · United States
658
-18
dertt_tt
2:16 Loom
9:53 Feudal Age
10:49 Town Watch
16:39 Fletching
16:52 Double-Bit Axe
17:52 Fishing Lines
23:42 Castle Age
24:50 Medium Warships
25:37 Bodkin Arrow
28:05 Clinker Construction
28:06 Careening
28:19 Bow Saw
29:34 Gold Mining
34:31 Imperial Age
36:25 Chemistry
35:46 Carvel Hull
35:47 Dry Dock
37:06 Heavy Warships
38:33 Elite Longship
Maxcol_I
10:58 Feudal Age
16:44 Fishing Lines
17:23 Double-Bit Axe
20:23 Castle Age
18:55 Fletching
21:20 Gillnets
21:48 Loom
22:46 Medium Warships
23:43 Wheelbarrow
23:48 Bodkin Arrow
23:42 Town Watch
24:47 Hand Cart
26:59 Town Patrol
27:12 Heated Shot
35:42 Imperial Age
35:24 Stone Mining
37:05 Conscription
37:26 Heavy Warships
36:38 Elite Turtle Ship
40:08 Ballistics
40:50 Chemistry
Connection lost

Rejoining the realm…

Still unreachable

The connection could not be restored.

Session expired

The server has moved on; the page needs a fresh start.